Unix NetHack Version 5.0.0-0 post-release - last build May 31 2026 23:59:36 (970b52f25bf058293b47ddfd14a1e40e571c508c,branch:main).

Game began 2026-06-05 21:52:51, ended 2026-06-05 22:14:00.

Felix1, neutral male human Barbarian

                                             --------------
          ------------    ------------       |............|         -----
          |...........#   |..........|      #............>|        --@[[|
          |........<.|#  #-...........      #----#-.-------        #|.[[|
          |..........|#  #|.........?|      #      ###             #|./[|
          |..........|## #----|-------      #        #             #-----
          |..........-## ##   ##            #        #             ##
          -------.----##  #    #####        ###      #              #
                 #    ######       #####      #      ####           #
                 #   #=   ##           ##     #         #           #
                 #   #    ###           ###   #         ###         #
                     #   " ####`  --------.---"     -----.----------#
                     #---#-#   #  |.........^|######......).........#
                     #-...|#      |..........|#     |..............|
                    # |...|#      |..........-#     |..............|
                      ....-#      ------------#     |............<.|
                      -----       `########"###     ----------------
                 .
                -

Felix1 the Pillager        St:18/03 Dx:16 Co:18 In:7 Wi:7 Ch:6  Neutral
Dlvl:6  $:0  HP:0(40) Pw:9(9) AC:10 Xp:4 T:2613 

Latest messages:
 You finish taking off your mail.
 You drop an uncursed +0 ring mail.
 You are carrying too much to get through.
 You are carrying too much to get through.
 You are carrying too much to get through.
 You drop a chain mail.
 b - a +0 short sword.
 t - a leather armor.
 Really step onto that rust trap? [yn] (n) n
 Really step into that bear trap? [yn] (n) n
 "Hello, Felix1!  Welcome again to Monbazillac's used armor dealership!"
 You smite the elastic eel!
 The baby caricature gets angry!
 The gold golem zaps a wand!
 The wand misses you.
 The poultrygeist zaps a wand!
 The wand hits you!
 The black pudding zaps a wand!
 The blast of hot air hits you!
 The blast of megabytes bounces!
 The blast of hyphens hits you!
 You miss the chameleon.
 Evil Iggy bites!
 You kill the hill giant!
 The couatl wields a curved sword!
 You kill the pterodactyl!
 There is a hobgoblin corpse here; eat it? [ynq] (n) y
 Blecch!  Rotten food!
 You feel rather trippy.
 You finish eating the hobgoblin corpse.
 You feel less trippy now.
 You don't have anything to eat.
 Everything looks SO boring now.
 You see here a scimitar.
 You hear the chime of a cash register.
 Akhalataki zaps a wand of magic missile!
 The magic missile hits you!
 The magic missile bounces!
 The magic missile hits you!
 Akhalataki zaps a wand of magic missile!
 The magic missile hits you!
 The magic missile bounces!
 The magic missile hits you!
 Akhalataki zaps a wand of magic missile!
 The magic missile hits you!
 The magic missile bounces!
 The magic missile hits you!
 You die...
 Akhalataki comes and takes all your possessions.
 Do you want to see what you had when you died? [ynq] (y) q

Inventory:
 Weapons  (')')
  o - a +0 dagger
  q - a cursed -1 dagger
  g - a +0 orcish dagger
  e - a cursed +0 orcish dagger
  a - a blessed +0 battle-axe (weapon in hands)
  b - a +0 short sword
 Armor    ('[')
  t - a blessed +0 leather armor
 Scrolls  ('?')
  s - an uncursed scroll of create monster
  j - a blessed scroll of enchant weapon
  v - a blessed scroll of teleportation
 Potions  ('!')
  f - a cursed potion of booze
  n - an uncursed potion of healing
  d - an uncursed potion of invisibility
  h - an uncursed potion of levitation
  p - an uncursed potion of monster detection
  l - an uncursed potion of paralysis
  i - an uncursed potion of restore ability
 Wands    ('/')
  m - a wand of light (0:11)
  r - a cursed wand of light (0:15)
 Gems/Stones  ('*')
  k - 2 uncursed worthless pieces of yellow glass

Felix1 the Barbarian's attributes:

Background:
 You were a Pillager, a level 4 male human Barbarian.
 You were neutral, nominally on a mission for Crom
 who was opposed by Mitra (lawful) and Set (chaotic).
 You were right-handed.
 You were in the Dungeons of Doom, on level 6.
 You entered the dungeon 2613 turns ago.
 It was nighttime.
 You had 159 experience points, 1 more was needed to attain level 5.

Basics:
 You had 0 out of 40 hit points.
 You had all 9 energy points (spell power).
 Your armor class was 10.
 Your wallet was empty.
 Autopickup was off.

Final Characteristics:
 Your strength was 18/03 (limit:18/100).
 Your dexterity was 16 (limit:18).
 Your constitution was 18 (limit:18).
 Your intelligence was 7 (limit:18).
 Your wisdom was 7 (limit:18).
 Your charisma was 6 (limit:18).

Final Status:
 You weren't hungry.
 You were unencumbered.
 You were wielding an axe.
 You had basic skill with axe.
 You weren't wearing any armor.

Final Attributes:
 You were piously aligned.
 You were poison resistant.
 You are dead.

Miscellaneous:
 You didn't encounter any bones levels.
 Total elapsed playing time was 21 minutes and 9 seconds.

Major events:
 Turn
    1: Felix1 the neutral male human Barbarian entered the dungeon
 1242: attained the rank of Pillager (level 3)
 2613: killed by a magic missile zapped by a shopkeeper

You didn't know any spells.

Skills:
 Fighting Skills
   bare handed combat [Basic]
   two weapon combat  [Unskilled]
   riding             [Unskilled]
 Weapon Skills
   dagger             [Unskilled]
   axe                [Basic]
   pick-axe           [Unskilled]
   short sword        [Basic]
   broadsword         [Unskilled]
   long sword         [Unskilled]
   two-handed sword   [Unskilled]
   saber              [Unskilled]
   club               [Unskilled]
   mace               [Unskilled]
   morning star       [Unskilled]
   flail              [Unskilled]
   hammer             [Unskilled]
   quarterstaff       [Unskilled]
   spear              [Unskilled]
   trident            [Unskilled]
   bow                [Unskilled]
 Spellcasting Skills
   attack spells      [Unskilled]
   escape spells      [Unskilled]

Voluntary challenges:
 Character rerolling was not enabled.
 You were an atheist.
 You were illiterate.
 You never genocided any monsters.
 You never polymorphed an object.
 You never changed form.
 You used no wishes.
Achievements:
 You attained the rank of Pillager.
 You entered a shop.

 The Dungeons of Doom: levels 1 to 6
    Level 1:
       Some fountains.
    Level 2:
    Level 3:
       A fountain.
    Level 4:
    Level 5:
       Many fountains.
       Oracle of Delphi.
    Level 6: <- You were here.
       An armor shop.
       Final resting place for
          you, killed by a magic missile zapped by a shopkeeper.


Vanquished creatures:
  a shrieker
  a gray ooze
  2 elf zombies
  a straw golem
  a baby crocodile
  a floating eye
  a centipede
  a giant bat
  a coyote
  a hobbit
  a large kobold
  a hobgoblin
  a cave spider
  a yellow mold
  a red mold
  a gnome zombie
  5 geckos
  3 jackals
  2 goblins
  2 bats
  a lichen
  2 kobold zombies
  4 newts
36 creatures vanquished.

No species were genocided or became extinct.

Game over:
                       ----------
                      /          \
                     /    REST    \
                    /      IN      \
                   /     PEACE      \
                  /                  \
                  |      Felix1      |
                  |       0 Au       |
                  |   killed by a    |
                  |  magic missile   |
                  |   zapped by a    |
                  |    shopkeeper    |
                  |       2026       |
                 *|     *  *  *      | *
        _________)/\\_//(\/(/\)/\//\/|_)_______

Goodbye Felix1 the Barbarian...

You died in The Dungeons of Doom on dungeon level 6 with 886 points,
and 0 pieces of gold, after 2613 moves.
You were level 4 with a maximum of 40 hit points when you died.

